 Dungeon Crawl Stone Soup version 0.30-a0-335-ge5acde7520 (webtiles) character file.

Game seed: 6945390198959804932

2 blackman the Sneak (level 1, 0/18 HPs)
             Began as a Human Delver on Oct 31, 2022.
             Slain by a necrophage (5 damage)
             ... on level 5 of the Dungeon.
             The game lasted 00:01:07 (130 turns).

blackman the Sneak (Human Delver)                    Turns: 130, Time: 00:01:08

Health: 0/18       AC:  3    Str: 12    XL:     1   Next: 33%
Magic:  1/1        EV: 12    Int: 10    God:
Gold:   0          SH:  0    Dex: 14    Spells: 0/0 levels left

rFire   . . .      SeeInvis .    a - +0 falchion
rCold   . . .      Faith    .    (no shield)
rNeg    . . .      Spirit   .    b - +0 leather armour
rPois   .          Reflect  .    (no helmet)
rElec   .          Harm     .    (no cloak)
rCorr   .          Rampage  .    (no gloves)
Will    .....                    (no boots)
Stlth   +++.......               (no amulet)
HPRegen 0.23/turn                (no ring)
MPRegen 0.07/turn                (no ring)

@: hasted, very quick
A: no striking features
a: no special abilities


You were on level 5 of the Dungeon.
You visited 1 branch of the dungeon, and saw 1 of its levels.

Inventory:

Hand Weapons
 a - a +0 falchion (weapon)
Armour
 b - a +0 leather armour (worn)
Wands
 g - a wand of digging (9)
Scrolls
 c - a scroll of fog
 d - a scroll of magic mapping
 e - a scroll of fear
 h - a scroll of identify {unknown}


   Skills:
 - Level 3.0 Fighting
 + Level 2.0 Long Blades
 - Level 2.0 Dodging
 - Level 5.0 Stealth


You couldn't memorise any spells.
You didn't know any spells.
Your spell library was empty.

Dungeon Overview and Level Annotations

Branches:
Dungeon (5/15)
 Temple: D:4-7

Altars:

Annotations:
D:5 exclusion: ogre


Message History

An iguana comes into view.
The necrophage splashes around in the water.
You feel yourself speed up.
The necrophage hits you but does no damage.
You hit the necrophage but do no damage.
The iguana hisses angrily.
You hit the necrophage.
The necrophage is moderately damaged.
The necrophage hits you.
The iguana hisses menacingly.
You hit the necrophage.
The necrophage is heavily damaged.
The necrophage splashes around in the water.
You closely miss the necrophage.
The necrophage is heavily damaged.
The necrophage splashes around in the water.
You hit the necrophage.
The necrophage is heavily damaged.
The necrophage closely misses you.
You barely miss the necrophage.
The necrophage is heavily damaged.
The necrophage hits you but does no damage.
You closely miss the necrophage.
The necrophage is heavily damaged.
You hit the necrophage.
The necrophage is severely damaged.
The necrophage hits you but does no damage.
You closely miss the necrophage.
The necrophage is severely damaged.
The necrophage splashes around in the water.
You barely miss the necrophage.
The necrophage is severely damaged.
The necrophage splashes around in the water.
The iguana bites you.
You hit the necrophage.
The necrophage is severely damaged.
The necrophage hits you. The iguana bites you.
* * * LOW HITPOINT WARNING * * *
The necrophage hits you.
You die...

#. .## ## #O .≈~.#.#####
#.# ~...≈...# #.#
#.~♣#.~##.### #.# ####
~.~.~.~n@...# #.# #...
.~.~~~l##.#.# ##.## ##.#.
~.~...~ #.#.###...###....
~.~~..~ ..#.##.....#.....
.~.~..~####..............
~≈#.~≈~ ######.###..... #
#~..# #.# ##.... ###. #.#
####. ##'## #.


You could see a necrophage and an iguana.

Vanquished Creatures
  An orc (D:5)
1 creature vanquished.

Notes
Turn   | Place    | Note
-------+----------+-------------------------------------------
     0 | D:5      | blackman the Human Delver began the quest for the Orb.
     0 | D:5      | Reached XP level 1. HP: 18/18 MP: 1/1
    95 | D:5      | Noticed an ogre
   111 | D:5      | Noticed a necrophage
   113 | D:5      | Noticed an iguana
   130 | D:5      | Slain by a necrophage

Illustrated notes

Levels and vault maps discovered:
D:5:      layout_loops_corners, serial_rivers, chequers_serial_rivers_micro_b,
          chequers_serial_rivers_small_b, chequers_serial_rivers_small_a,
          chequers_serial_rivers_small_b, chequers_serial_rivers_marsh,
          chequers_serial_rivers_room_b

Action                   || total
-------------------------++-------
Melee: Falchion          ||    14
  Use: Potion            ||     1
Armor: Leather armour    ||     4
Dodge: Dodged            ||     1

Table legend: (Time is in decaauts)
 A = Elapsed time spent in this place.
 B = Non-inter-level travel time spent in this place.
 C = Inter-level travel time spent in this place.
 D = Time resting spent in this place.
 E = Time spent auto-exploring this place.
 F = Levels seen in this place.
 G = Mean time per level.
                   A        B        C        D        E       F      G
               +--------+--------+--------+--------+--------+-----+--------+
         Total |    128 |    128 |      0 |      0 |     96 |   1 |  128.0 |
       Dungeon |    128 |    128 |      0 |      0 |     96 |   1 |  128.0 |
               +--------+--------+--------+--------+--------+-----+--------+

Top non-repeatable levels by time:
     D:5: 128 daAuts
